 Dungeon Crawl Stone Soup version 0.31-a0-188-g5e087ee2ca (webtiles) character file.

Game seed: 1642270821046476137

32186 Pixllover the Severer (level 13, -10/178 HPs)
             Began as a Grey Draconian Berserker on June 23, 2023.
             Was a High Priest of Trog.
             Mangled by a komodo dragon (14 damage)
             ... on level 4 of the Lair of Beasts.
             The game lasted 01:14:45 (14318 turns).

Pixllover the Severer (Grey Draconian Berserker)   Turns: 14318, Time: 01:14:47

Health: -10/178    AC: 26    Str: 25    XL:     13   Next: 30%
Magic:  14/14      EV:  2    Int:  8    God:    Trog [*****.]
Gold:   970        SH:  0    Dex: 16    Spells: 12/12 levels left

rFire   . . .        W - +3 dire flail (heavy)
rCold   . . .        (shield currently unavailable)
rNeg    . . .        (body armour unavailable)
rPois   +            (helmet currently unavailable)
rElec   .            N - melded scarf {shadows}
rCorr   .            K - melded +1 pair of gloves
SInv    .            z - melded +0 pair of boots
Will    .....        P - amulet of regeneration
Stlth   +++          e - +6 ring of dexterity
HPRegen 1.29/turn    f - +5 ring of evasion
MPRegen 0.14/turn

%: no passive effects
@: tree-form
A: stationary, stasis, torment immunity, boosted hp, AC +13, (amphibious),
unfitting armour, (cold-blooded), (claws 1), high MP 1
a: Renounce Religion, Berserk, Trog's Hand, Brothers in Arms


You were on level 4 of the Lair of Beasts.
You worshipped Trog.
Trog was extremely pleased with you.
You were a tree.
You visited 2 branches of the dungeon, and saw 17 of its levels.
You also visited: Sewer and Ossuary.

You collected 970 gold pieces.

Inventory:

Hand Weapons
 a - a +0 hand axe
 q - the +5 war axe "Bingo" {venom, rElec}
   (You found it on level 6 of the Dungeon)

   rElec:     It insulates you from electricity.
 s - a +0 war axe
 W - a +3 heavy dire flail (weapon)
Missiles
 g - 3 throwing nets
 l - 11 boomerangs
 r - 27 poisoned darts
 y - 15 curare-tipped darts (quivered)
 U - 6 atropa-tipped darts
Armour
 z - a +0 pair of boots (melded)
 K - a +1 pair of gloves (melded)
 N - a scarf of shadows (melded)
Jewellery
 e - a +6 ring of dexterity (left branch)
 f - a +5 ring of evasion (right branch)
 h - an amulet of guardian spirit
 F - an amulet of reflection
 H - a ring of poison resistance
 P - an amulet of regeneration (around neck)
 X - a ring of ice
Wands
 t - a wand of flame (22)
 B - a wand of iceblast (13)
 C - a wand of digging (7)
 E - a wand of polymorph (12)
 I - a wand of mindburst (26)
 O - a wand of light (18)
 Q - a wand of paralysis (7)
Scrolls
 c - 7 scrolls of teleportation
 d - a scroll of revelation
 A - a scroll of silence
 G - 2 scrolls of enchant armour
 J - a scroll of immolation
 L - 3 scrolls of poison
 M - a scroll of fear
 S - 2 scrolls of identify
 T - a scroll of fog
 V - a scroll of blinking
Potions
 b - 3 potions of cancellation
 i - 2 potions of attraction {unknown}
 j - 8 potions of haste
 k - 4 potions of lignification
 m - a potion of degeneration {unknown}
 n - 2 potions of ambrosia
 o - 4 potions of heal wounds
 p - 4 potions of might {unknown}
 u - 5 potions of berserk rage
 v - 4 potions of enlightenment
 w - a potion of resistance {unknown}
 x - 7 potions of curing
 D - 4 potions of magic {unknown}
 R - a potion of brilliance {unknown}


   Skills:
 + Level 12.6 Fighting
 + Level 16.0(16.2) Axes
 + Level 4.0(11.2) Maces & Flails
 + Level 9.9 Dodging
 + Level 5.6 Stealth


You had 12 spell levels left.
You didn't know any spells.
Your spell library was empty.

Dungeon Overview and Level Annotations

Branches:
Dungeon (13/15)            Temple (0/1) D:4            Lair (4/5) D:10
 Shoals (0/4) Lair:2        Snake (0/4) Lair:2          Orc (0/2) D:12
  Sewer (visited)         Ossuary (visited)
  Slime: Lair:4-5    Vaults: D:13-14

Altars:
Dithmenos
Gozag
Hepliaklqana
Makhleb
Qazlal
Ru
Trog
Uskayaw
Yredelemnul
Zin
The Shining One

Annotations:
Lair:2 3 runed translucent doors, Dwachs's ghost, journeyman MiCK; NoAnimeNoLife's ghost, journeyman MfGl; Sphaat's ghost, journeyman MiFi; spirit192's ghost, journeyman MiFi


Innate Abilities, Weirdness & Mutations

You are a tree.
Your roots penetrate the ground, keeping you stationary.
You cannot be teleported.
You are immune to unholy pain and torment.
Your maximum health is greatly increased.
Your equipment is partially melded.
((Your dull iron-grey scales are very hard. (AC +13)))
((You are amphibious.))
You cannot fit into any form of body armour.
((You are cold-blooded and may be slowed by cold attacks.))
((You have sharp fingernails.))
You have an increased reservoir of magic. (+10% MP)


Message History

The yak gores you but does no damage. x2
The komodo dragon bites you but does no damage.
You completely miss the yak.
The yak is almost dead.
The komodo dragon bites you but does no damage.
The yak gores you. The yak gores you but does no damage.
The komodo dragon bites you!
* * * LOW HITPOINT WARNING * * *
You barely miss the yak.
The yak is almost dead.
The komodo dragon bites you.
* * * LOW HITPOINT WARNING * * *
The yak gores you but does no damage. The yak gores you.
* * * LOW HITPOINT WARNING * * *
The komodo dragon bites you but does no damage. x2
You bludgeon the yak!!
You kill the yak!
Trog accepts your kill. The yak gores you.
* * * LOW HITPOINT WARNING * * *
The komodo dragon bites you but does no damage. x2
The yak barely misses you.
You hit the yak but do no damage.
The komodo dragon bites you but does no damage. x2
The yak gores you but does no damage.
You bludgeon the yak!!
The yak is heavily wounded.
The komodo dragon bites you but does no damage.
The komodo dragon bites you.
* * * LOW HITPOINT WARNING * * *
The yak gores you!
* * * LOW HITPOINT WARNING * * *
You barely miss the yak.
The yak is heavily wounded.
The komodo dragon bites you!
* * * LOW HITPOINT WARNING * * *
The komodo dragon bites you!
* * * LOW HITPOINT WARNING * * *
The yak gores you but does no damage. The komodo dragon bites you!
You die...

+.#.##...............
######.......†.......
.# #.............#.
.# ##...##..#.##...
##.####.### #.
####...###
###..P...##
.......†..###
.........l♣..#
.........Y.l.#
.............#
.............#
..............
..........P..+.
..........##.
.#####...# ##


You could see 2 komodo dragons and a yak.

Vanquished Creatures
  2 two-headed ogres
  A death yak (D:10)
  Amaemon (Lair:2)
  Pikel (D:7)
  A deep elf pyromancer (D:12)
  An ugly thing (D:13)
  A wolf spider (Lair:2)
  A cyclops (D:11)
  4 elephants (Lair:1)
  A merfolk siren (Lair:2)
  An orange demon (Lair:2)
  6 black mambas
  3 rime drakes
  9 cane toads
  2 unseen horrors (D:11)
  3 kobold demonologists (D:11)
  6 komodo dragons
  4 polar bears
  3 trolls
  3 merfolk (Lair:2)
  3 hornets
  Prince Ribbit (D:7)
  9 blink frogs
  A shadow (D:10)
  5 wyverns
  2 vampires
  2 wraiths (D:12)
  4 basilisks
  2 steam dragons
  15 yaks
  6 vampire mosquitoes
  2 nagas (Lair:2)
  Duvessa (D:7)
  3 water moccasins
  2 acid dragons
  Pargi (Sewer)
  A sky beast (D:8)
  An orc warrior (D:12)
  3 black bears
  2 wolves (Lair:3)
  A lemure (D:7)
  A phantom (D:5)
  2 centaurs
  8 kobold brigands
  12 bullfrogs
  2 gnoll sergeants
  A scorpion (D:5)
  A water moccasin zombie (Ossuary)
  6 wights
  Dowan (D:7)
  14 killer bees
  3 howler monkeys
  2 centaur zombies (Ossuary)
  4 jellies
  An orc priest (D:7)
  3 hounds
  3 gnoll boudas
  3 sleepcaps
  Jessica (D:3)
  3 iguanas
  8 orc wizards
  A scorpion zombie (Ossuary)
  3 hell rats
  An ogre zombie (Ossuary)
  A mummy (Ossuary)
  16 gnolls
  11 river rats
  20 adders
  A shadow imp (D:6)
  2 white imps (D:5)
  5 adder zombies (Ossuary)
  A worm (D:2)
  23 orcs
  5 endoplasms
  6 giant cockroaches
  3 goblins
  3 hobgoblins
  7 jackals (D:2)
  3 quokkas
  2 ball pythons (D:4)
  2 bats
  A frilled lizard (D:2)
  2 gnoll zombies (Ossuary)
  4 goblin zombies (Ossuary)
  2 hobgoblin zombies (Ossuary)
  39 kobolds
  An orc zombie (Ossuary)
  2 rats
  A butterfly (Lair:3)
368 creatures vanquished.

Vanquished Creatures (collateral kills)
  An entropy weaver (shapeshifter) (D:12)
  A catoblepas (Lair:1)
  2 death yaks (D:10)
  A quokka (D:10)
5 creatures vanquished.

Vanquished Creatures (others)
  A wizard (D:9)
1 creature vanquished.

Grand Total: 374 creatures vanquished

Notes
Turn   | Place    | Note
-------+----------+-------------------------------------------
     0 | D:1      | Pixllover the Draconian Berserker began the quest for the
                  | Orb.
     0 | D:1      | Reached XP level 1. HP: 19/19 MP: 1/1
   397 | D:1      | Reached XP level 2. HP: 26/26 MP: 2/2
   565 | D:2      | Reached XP level 3. HP: 16/33 MP: 3/3
   787 | D:2      | Found a stormy altar of Qazlal.
   902 | D:2      | Reached ** piety under Trog
  1514 | D:3      | Noticed Jessica
  1526 | D:3      | Killed Jessica
  1527 | D:3      | Reached XP level 4. HP: 30/40 MP: 4/4
  1613 | D:3      | Found a faded altar of an unknown god.
  1857 | D:4      | Found a staircase to the Ecumenical Temple.
  1916 | D:4      | Reached skill level 4 in Axes
  2366 | D:4      | Noticed a black bear
  2375 | D:4      | Killed a black bear
  2376 | D:4      | Reached skill level 1 in Stealth
  2376 | D:4      | Reached XP level 5. HP: 41/47 MP: 5/5
  2434 | D:5      | Entered Level 5 of the Dungeon
  2470 | D:5      | Reached skill level 5 in Axes
  2470 | D:5      | Reached XP level 6. HP: 53/53 MP: 6/6
  2800 | D:5      | Found a glowing drain.
  2817 | D:5      | Your scales start taking on a dull iron-grey colour.
  2817 | D:5      | Reached XP level 7. HP: 60/60 MP: 7/7
  2819 | Sewer    | Entered a sewer
  2931 | Sewer    | Noticed Pargi
  2941 | Sewer    | Killed Pargi
  2942 | Sewer    | Reached skill level 5 in Fighting
  2942 | Sewer    | Reached skill level 6 in Axes
  3090 | D:5      | Reached *** piety under Trog
  3603 | D:6      | Reached skill level 5 in Dodging
  3647 | D:6      | Gained mutation: You have an increased reservoir of magic.
                  | (+10% MP) [potion of mutation]
  3647 | D:6      | Gained mutation: You have sharp fingernails. [potion of
                  | mutation]
  3664 | D:6      | Reached skill level 7 in Axes
  3678 | D:6      | Reached XP level 8. HP: 46/69 MP: 6/8
  3784 | D:6      | Identified the +5 war axe "Bingo" {venom, rElec}
  4090 | D:6      | Reached skill level 8 in Axes
  4371 | D:7      | Noticed Duvessa
  4371 | D:7      | Noticed Dowan
  4384 | D:7      | Killed Duvessa
  4386 | D:7      | Killed Dowan
  4412 | D:7      | Noticed Pikel
  4421 | D:7      | Killed Pikel
  4422 | D:7      | Reached skill level 9 in Axes
  4422 | D:7      | Reached XP level 9. HP: 53/78 MP: 9/9
  4433 | D:7      | Identified the +4 short sword of Painful Death {drain, MP+9
                  | Str+2 Dex+3}
  4618 | D:7      | Noticed Prince Ribbit
  4625 | D:7      | Killed Prince Ribbit
  4855 | D:7      | Reached **** piety under Trog
  5416 | D:8      | Reached skill level 10 in Axes
  5475 | D:8      | Found a sand-covered staircase.
  5480 | Ossuary  | Entered an ossuary
  5639 | Ossuary  | Noticed a silent spectre
  6216 | D:8      | Reached ***** piety under Trog
  6481 | D:8      | Paralysed by a hornet for 3 turns
  6697 | D:9      | Reached skill level 11 in Axes
  6697 | D:9      | Reached XP level 10. HP: 88/88 MP: 11/11
  6719 | D:9      | Found a hide-covered altar of Uskayaw.
  6720 | D:9      | Found a basalt altar of Yredelemnul.
  6720 | D:9      | Found a glowing silver altar of Zin.
  6724 | D:9      | Found a sacrificial altar of Ru.
  6724 | D:9      | Found a hazy altar of Hepliaklqana.
  6727 | D:9      | Found an opulent altar of Gozag.
  6727 | D:9      | Found a glowing golden altar of the Shining One.
  6728 | D:9      | Found a burning altar of Makhleb.
  6994 | D:9      | Noticed a wizard
  7007 | D:9      | Killed a wizard
  7326 | D:9      | Identified the +7 sling "Lath" {elec, rF+}
  7487 | D:9      | Noticed a two-headed ogre
  7495 | D:9      | Killed a two-headed ogre
  7642 | D:9      | Found a shadowy altar of Dithmenos.
  7990 | D:10     | Entered Level 10 of the Dungeon
  8123 | D:10     | Reached skill level 12 in Axes
  8327 | D:10     | Found a staircase to the Lair.
  8327 | D:10     | Noticed a death yak
  8329 | D:10     | Noticed a death yak
  8329 | D:10     | Noticed a death yak
  8338 | D:10     | Killed a death yak
  8347 | D:10     | Killed a death yak
  8359 | D:10     | Killed a death yak
  8360 | D:10     | Reached XP level 11. HP: 79/97 MP: 8/12
  9244 | D:11     | Reached skill level 13 in Axes
  9263 | D:11     | Identified the +3 quick blade of Context {heavy, Str+3}
                  | (Trog gifted it to you on level 11 of the Dungeon)
  9263 | D:11     | Received a gift from Trog
  9766 | D:11     | Reached skill level 10 in Fighting
 10600 | D:12     | Found a staircase to the Orcish Mines.
 10625 | D:12     | Noticed a two-headed ogre
 10625 | D:12     | Noticed a deep elf pyromancer
 10637 | D:12     | Killed a two-headed ogre
 10638 | D:12     | Reached skill level 5 in Stealth
 10640 | D:12     | Killed a deep elf pyromancer
 10641 | D:12     | Reached skill level 14 in Axes
 11051 | D:12     | Found a bloodstained altar of Trog.
 11256 | D:12     | Noticed an entropy weaver
 11272 | D:12     | Killed an entropy weaver
 11402 | D:13     | Noticed a deep elf pyromancer
 11404 | D:13     | Noticed a skeletal warrior
 11404 | D:13     | Noticed a skeletal warrior
 11406 | D:13     | Noticed an orc knight
 11407 | D:13     | Noticed a red ugly thing
 11407 | D:13     | Noticed a skeletal warrior
 11446 | D:13     | Noticed a green ugly thing
 11455 | D:13     | Killed a green ugly thing
 11456 | D:13     | Reached XP level 12. HP: 62/110 MP: 10/13
 11580 | Lair:1   | Entered Level 1 of the Lair of Beasts
 11820 | Lair:1   | Noticed a catoblepas
 11940 | Lair:1   | Killed a catoblepas
 11941 | Lair:1   | Reached skill level 15 in Axes
 12569 | Lair:2   | Found a staircase to the Shoals.
 12720 | Lair:2   | Noticed Amaemon
 12737 | Lair:2   | Killed Amaemon
 12821 | Lair:2   | Found a runed translucent gate.
 12821 | Lair:2   | Found a runed translucent gate.
 12821 | Lair:2   | Found a runed translucent gate.
 12823 | Lair:2   | Noticed NoAnimeNoLife's ghost (journeyman MfGl)
 12823 | Lair:2   | Noticed spirit192's ghost (journeyman MiFi)
 12824 | Lair:2   | Noticed Dwachs's ghost (journeyman MiCK)
 12824 | Lair:2   | Noticed Sphaat's ghost (journeyman MiFi)
 13024 | Lair:2   | Found a staircase to the Snake Pit.
 13056 | Lair:2   | Received a gift from Trog
 13238 | Lair:2   | Reached XP level 13. HP: 118/118 MP: 14/14
 13352 | Lair:2   | Reached skill level 16 in Axes
 13691 | Lair:3   | Reached skill level 1 in Maces & Flails
 14318 | Lair:4   | HP: 4/178 [komodo dragon (9)]
 14318 | Lair:4   | Mangled by a komodo dragon

Illustrated notes

Levels and vault maps discovered:
D:1:      lightli_arrival_lavapool, layout_basic
D:2:      layout_loops_ring, basic_altar, minmay_cupped
D:3:      layout_basic, dilly_ecumenical_altar_fadedgnrine, uniq_jessica
D:4:      layout_rooms, minmay_temple_entry_slanted
D:5:      layout_loops_ring, cheibrodos_sewer_entry_drain
D:6:      layout_rooms, serial_bayou_crossing
D:7:      layout_basic, minivault_22, uniq_prince_ribbit1, uniq_duvessa,
          uniq_pikel
D:8:      layout_loops_ring, nicolae_ossuary_entry_plus, minivault_5,
          serial_bayou_pond_a, st_stairs_10
D:9:      nzn_winding_woodlands_medium [nzn_winding_woodlands_5x5_perimeter,
          nzn_winding_woodlands_5x15_default, nzn_winding_woodlands_5x5_default,
          nzn_winding_woodlands_5x5_open_star,
          nzn_winding_woodlands_center_diamonds,
          nzn_winding_woodlands_5x5_default, nzn_winding_woodlands_5x5_cross,
          nzn_winding_woodlands_5x15_jagged,
          nzn_winding_woodlands_5x5_checkerboard], layout_basic,
          grunt_temple_overflow_open, nicolae_dithmenos_shadow_blocks,
          patterned_corridor
D:10:     layout_loops_corners, dpeg_lair_monsters, nicolae_elevator_lobby_plus
D:11:     layout_cave_pools
D:12:     layout_cave_pods, orc_0_dummy, minmay_fountain_box,
          trog_ov_bears_minmay
D:13:     layout_loops_ring, skrybe_vaults_entry_preservation
Lair:1:   layout_misc_corridors, st_stairs_8
Lair:2:   minmay_lair_venomous_thicket, layout_gridlike,
          elwin_shoals_entry_stream, guppyfry_snake_entry_island,
          gammafunk_ghost_cemetery, kennysheep_rathole, uniq_amaemon
Lair:3:   layout_misc_corridors, beast_lair_carwin_6, grunt_megastairs_3,
          lemuel_fruit_fields, infiniplex_staircase_pool_2
Lair:4:   layout_roguey, lemuel_fruit_tree

Skill      XL: |  1  2  3  4  5  6  7  8  9 10 11 12 13 |
---------------+----------------------------------------+-----
Dodging        | 3 4 5 6 7 8 9 |  9.9
Fighting       | 4 5 6 7 9 11 12 | 12.6
Axes           | 4 5 7 9 11 12 14 15 16 | 16.0
Stealth        | 1 2 3 4 5 |  5.6
Maces & Flails | 4 |  4.0

Action                     |  1- 3 |  4- 6 |  7- 9 | 10-12 | 13-15 || total
---------------------------+-------+-------+-------+-------+-------++-------
  Melee: Hand axe          |    87 |     8 |       |       |       ||    95
         Tailslap          |    11 |     9 |    48 |    87 |    18 ||   173
         War axe           |       |    71 |   298 |   520 |       ||   889
         Punch             |       |     1 |     3 |     8 |       ||    12
         Dire flail        |       |       |       |     2 |    96 ||    98
 Invoke: Berserk           |     1 |       |       |     1 |       ||     2
         Brothers in Arms  |       |       |       |     3 |       ||     3
    Use: Scroll            |       |     2 |     8 |    15 |       ||    25
         Potion            |       |       |     1 |     2 |     1 ||     4
   Stab: Sleeping          |       |     1 |     6 |     8 |       ||    15
 Armour: Skin              |    53 |    19 |    89 |   173 |    52 ||   386
  Dodge: Dodged            |    98 |    86 |   366 |   547 |   139 ||  1236

Table legend: (Time is in decaauts)
 A = Elapsed time spent in this place.
 B = Non-inter-level travel time spent in this place.
 C = Inter-level travel time spent in this place.
 D = Time resting spent in this place.
 E = Time spent auto-exploring this place.
 F = Levels seen in this place.
 G = Mean time per level.
                   A        B        C        D        E       F      G
               +--------+--------+--------+--------+--------+-----+--------+
         Total |  14320 |  13892 |    428 |    787 |   6999 |  19 |  753.7 |
       Dungeon |  11188 |  10824 |    364 |    731 |   5690 |  13 |  860.6 |
          Lair |   2705 |   2642 |     63 |     56 |   1301 |   4 |  676.2 |
         Sewer |    208 |    208 |      0 |      0 |      8 |   1 |  208.0 |
       Ossuary |    217 |    217 |      0 |      0 |      0 |   1 |  217.0 |
               +--------+--------+--------+--------+--------+-----+--------+

Top non-repeatable levels by time:
    D:10: 1328 daAuts
     D:9: 1328 daAuts
  Lair:2: 1126 daAuts
     D:8: 1062 daAuts
    D:11: 1044 daAuts
    D:12: 1040 daAuts
     D:7: 1037 daAuts
     D:6: 871 daAuts
     D:5: 862 daAuts
     D:2: 850 daAuts
  Lair:1: 848 daAuts
  Lair:3: 649 daAuts
     D:4: 581 daAuts
     D:3: 529 daAuts
     D:1: 504 daAuts
